 Dungeon Crawl Stone Soup version 0.30-a0-613-gdd512c7efb (webtiles) character file.

Game seed: 14115181958359270793

315 acebull12 the Poker (level 6, -7/48 HPs)
             Began as a Demonspawn Gladiator on Jan 8, 2023.
             Mangled by an iguana (8 damage)
             ... on level 6 of the Dungeon.
             The game lasted 00:07:51 (3764 turns).

acebull12 the Poker (Demonspawn Gladiator)          Turns: 3764, Time: 00:07:51

Health: -7/48      AC:  7    Str: 16    XL:     6   Next: 20%
Magic:  6/6        EV: 12    Int: 10    God:
Gold:   280        SH:  0    Dex: 14    Spells: 5/5 levels left

rFire   . . .      SeeInvis .    a - +1 trident
rCold   + . .      Faith    .    (no shield)
rNeg    . . .      Spirit   .    j - +1 ring mail
rPois   .          Reflect  .    c - +0 helmet
rElec   .          Harm     .    (no cloak)
rCorr   .          Rampage  .    (no gloves)
Will    .....                    (no boots)
Stlth   +                        (no amulet)
HPRegen 0.28/turn                l - ring of protection from cold
MPRegen 0.10/turn                (no ring)

@: no status effects
A: hooves 2, ignite blood 2, spiny 1
a: no special abilities


You were on level 6 of the Dungeon.
You visited 1 branch of the dungeon, and saw 6 of its levels.

You collected 280 gold pieces.

Inventory:

Hand Weapons
 a - a +1 trident (weapon)
Missiles
 d - 3 throwing nets (quivered)
 e - 6 javelins
Armour
 b - a +0 leather armour
 c - a +0 helmet (worn)
 j - a +1 ring mail (worn)
Jewellery
 l - a ring of protection from cold (left hand)
Wands
 v - a wand of digging (5)
 y - a wand of charming (13)
Scrolls
 g - 4 scrolls of identify
Potions
 h - a potion of might {unknown}
 i - a potion of magic {unknown}
 n - 2 potions of curing {unknown}
 s - a potion of brilliance {unknown}
 t - a potion of flight {unknown}
 x - a potion of attraction


   Skills:
 * Level 3.7 Fighting
 + Level 3.9 Polearms
 - Level 1.9 Throwing
 * Level 2.4 Armour
 * Level 3.7 Dodging
 + Level 0.3 Stealth


You had 5 spell levels left.
You didn't know any spells.
Your spell library was empty.

Dungeon Overview and Level Annotations

Branches:
Dungeon (6/15)
 Temple: D:4-7

Altars:
Ru
Sif Muna

Shops:
D:3 ?


Innate Abilities, Weirdness & Mutations

You have hoof-like feet.
Your demonic aura often causes spilled blood to erupt in flames.
You are partially covered in sharp spines.


Message History

An orc comes into view. It is wielding a +0 short sword.
The orc shouts!
There is an escape hatch in the floor here.
You slide downwards.
The hatch slams shut behind you.
The iguana hisses angrily.
The jelly hits you.
* * * LOW HITPOINT WARNING * * *
You are splashed with acid!
* * * LOW HITPOINT WARNING * * *
The jelly attacks as you move away! The jelly is struck by your spines.
The jelly closely misses you.
Found a stone staircase leading down.
An iguana comes into view.
The iguana hisses angrily.
The jelly attacks as you move away! The jelly hits you but does no damage.
The jelly attacks as you move away! The jelly is struck by your spines.
The jelly misses you.
Found a stone staircase leading up.
A scorpion comes into view.
The iguana is struck by your spines. The iguana completely misses you.
Okay, then.
You feel much better. The jelly hits you but does no damage.
Found a war axe.
The jelly hits you but does no damage. The iguana is struck by your spines.
The iguana bites you but does no damage.
The iguana bites you!
The orc priest mumbles some strange prayers to Beogh against you.
Beogh smites you!
* * * LOW HITPOINT WARNING * * *
The iguana attacks as you move away!
The iguana bites you but does no damage.
The jelly is struck by your spines. The jelly hits you.
* * * LOW HITPOINT WARNING * * *
You are splashed with acid!
* * * LOW HITPOINT WARNING * * *
The iguana is struck by your spines. The iguana misses you.
The jelly attacks as you move away! The jelly barely misses you.
The iguana barely misses you. The iguana attacks as you move away!
The iguana is struck by your spines. The iguana bites you!
You die...

.. #. ##.....#
...###.
###..###.....
....... #.l.## ..o
....#..#### #.### #
..........####.#
...............#
............####
..........ol#####
........s..J@.<.#
...........l###.....
.......>....# #..
...........##
..........##
########... .)## ###


You could see a scorpion, 2 iguanas, a jelly and an orc priest.

Vanquished Creatures
  Blork the orc (D:4)
  A scorpion (D:5)
  A hound (D:2)
  2 iguanas
  4 adders
  A worm (D:4)
  3 dart slugs
  4 orcs
  4 endoplasms
  A giant cockroach (D:4)
  4 goblins
  12 hobgoblins
  4 kobolds
  4 quokkas
  6 ball pythons
  A bat (D:2)
  2 frilled lizards
  4 rats
59 creatures vanquished.

Notes
Turn   | Place    | Note
-------+----------+-------------------------------------------
     0 | D:1      | acebull12 the Demonspawn Gladiator began the quest for the
                  | Orb.
     0 | D:1      | Reached XP level 1. HP: 16/16 MP: 1/1
   129 | D:1      | Gained mutation: Your demonic aura sometimes causes spilled
                  | blood to erupt in flames. [demonic ancestry]
   129 | D:1      | Reached XP level 2. HP: 22/22 MP: 2/2
  1129 | D:2      | Gained mutation: You have large cloven feet. [demonic
                  | ancestry]
  1129 | D:2      | Reached XP level 3. HP: 22/27 MP: 3/3
  1960 | D:3      | Found Muvuh's Magic Scroll Emporium.
  1982 | D:3      | Found a shimmering blue altar of Sif Muna.
  2492 | D:2      | Gained mutation: You are partially covered in sharp spines.
                  | [demonic ancestry]
  2492 | D:2      | Reached XP level 4. HP: 9/35 MP: 4/4
  2665 | D:3      | Reached skill level 1 in Armour
  2822 | D:4      | Noticed Blork the orc
  2834 | D:4      | Killed Blork the orc
  2835 | D:4      | Gained mutation: Your demonic aura often causes spilled
                  | blood to erupt in flames. [demonic ancestry]
  2835 | D:4      | Reached XP level 5. HP: 34/41 MP: 5/5
  3604 | D:4      | Found a sacrificial altar of Ru.
  3632 | D:5      | Entered Level 5 of the Dungeon
  3684 | D:5      | Gained mutation: You have hoof-like feet. [demonic
                  | ancestry]
  3684 | D:5      | Reached XP level 6. HP: 18/48 MP: 6/6
  3761 | D:6      | HP: 1/48 [acid (10)]
  3764 | D:6      | Mangled by an iguana

Illustrated notes

Levels and vault maps discovered:
D:1:      dpeg_arrival_rooms_b, layout_loops_ring
D:2:      cheibrodos_helix_gallery, layout_basic, hex_intersection,
          glass_columns_c, lemuel_flame_loot_1
D:3:      layout_loops_cross, nicolae_sif_muna_condensation, serial_shops, shop
D:4:      layout_basic, nicolae_ru_the_path_less_chosen,
          kennysheep_generic_room_13, uniq_blork_the_orc
D:5:      layout_cave_pools, fedhas_altar_2, cheibrodos_sewer_entry_bend
D:6:      layout_rooms, minmay_temple_entry_arrows, serial_shops,
          nicolae_shop_window_shopping

Skill      XL: |  1  2  3  4  5 |
---------------+----------------+-----
Polearms       | 3 |  3.9
Dodging        | 3 |  3.7
Fighting       | 3 |  3.7
Armour         | 1 2 |  2.4
Throwing       | |  1.9
Stealth        | |  0.3

Action                   |  1- 3 |  4- 6 || total
-------------------------+-------+-------++-------
Melee: Trident           |   130 |    57 ||   187
       Punch             |     3 |       ||     3
       Kick              |    10 |    14 ||    24
  Use: Scroll            |       |    11 ||    11
       Potion            |       |     2 ||     2
 Stab: Sleeping          |     2 |       ||     2
Armor: Leather armour    |     3 |       ||     3
       Ring mail         |    42 |    14 ||    56
Dodge: Dodged            |    96 |    27 ||   123

Table legend: (Time is in decaauts)
 A = Elapsed time spent in this place.
 B = Non-inter-level travel time spent in this place.
 C = Inter-level travel time spent in this place.
 D = Time resting spent in this place.
 E = Time spent auto-exploring this place.
 F = Levels seen in this place.
 G = Mean time per level.
                   A        B        C        D        E       F      G
               +--------+--------+--------+--------+--------+-----+--------+
         Total |   3794 |   3439 |    355 |    213 |   2556 |   6 |  632.3 |
       Dungeon |   3794 |   3439 |    355 |    213 |   2556 |   6 |  632.3 |
               +--------+--------+--------+--------+--------+-----+--------+

Top non-repeatable levels by time:
     D:2: 1088 daAuts
     D:4: 918 daAuts
     D:3: 885 daAuts
     D:1: 768 daAuts
     D:5: 113 daAuts
     D:6: 18 daAuts
